 Dungeon Crawl Stone Soup version 0.27.1-2-g3b301248ec (webtiles) character file.

Game seed: 14650587445719788431

44 Descartes the Skirmisher (level 3, 0/20 HPs)
             Began as a Felid Wanderer on Oct 2, 2021.
             Succumbed to an adder's poison
             ... on level 1 of the Dungeon.
             The game lasted 00:03:11 (2007 turns).

Descartes the Skirmisher (Felid Wanderer)           Turns: 2007, Time: 00:03:12

Health: 0/20       AC:  1    Str: 12    XL:     3   Next: 39%
Magic:  4/4        EV: 16    Int: 12    God:
Gold:   41         SH:  0    Dex: 13    Spells: 2/2 levels left
                                        Lives:  0   Deaths: 0

rFire    . . .     SeeInvis +     - Unarmed
rCold    . . .     Faith    .   (shield unavailable)
rNeg     . . .     Spirit   .   (armour unavailable)
rPois    .         Reflect  .   (helmet unavailable)
rElec    .         Harm     .   (cloak unavailable)
rCorr    .         Rampage  .   (gloves unavailable)
Will     .....                  (boots unavailable)
Stlth    ++........             (no amulet)
HPRegen  0.06/turn              (no ring)
MPRegen  0.09/turn              (no ring)

@: lethally poisoned (0 -> -4), quick
A: very small, claws 1, fangs 3, see invisible, speed 1, shaggy fur 1, stealthy
paws, no weapons or thrown items, no armour, multi-lived
a: no special abilities


You were on level 1 of the Dungeon.
You visited 1 branch of the dungeon, and saw 2 of its levels.

You collected 41 gold pieces.

Inventory:

Missiles
 d - 30 stones
Scrolls
 a - a scroll of fear
 e - a scroll of vulnerability {unknown}
 f - a scroll of immolation {unknown}
 g - a scroll of identify {unknown}
Potions
 c - a potion of lignification


   Skills:
 - Level 6.0 Fighting
 + Level 1.7 Dodging
 + Level 3.5 Stealth
 + Level 1.8 Unarmed Combat
 + Level 2.1 Evocations


You had 2 spell levels left.
You didn't know any spells.
Your spell library was empty.

Dungeon Overview and Level Annotations

Branches:
Dungeon (2/15)

Altars:

Shops:
D:1 [


Innate Abilities, Weirdness & Mutations

You have sharp claws.
You have razor-sharp teeth.
You have supernaturally acute eyesight. (SInv)
You cover ground quickly. (Speed+)
You are covered in fur. (AC +1)
Your paws help you pounce on unaware monsters.
You are incapable of wielding weapons or throwing items.
You cannot wear armour.
You gain extra lives every three experience levels.


Message History

Done exploring.
You climb downwards.
The bat closely misses you. The adder bites you. The rat bites you.
The bat closely misses you. The adder completely misses you.
The rat misses you.
There is a stone staircase leading up, spattered with blood here.
The adder bites you. The rat barely misses you.
You climb upwards.
There is a stone staircase leading down here.
You barely miss the adder. The adder misses you. The adder bites you.
You are poisoned.
The adder poisons you! The rat closely misses you.
You closely miss the adder.
You feel sick. The adder barely misses you. The rat closely misses you.
You barely miss the rat.
* * * LOW HITPOINT WARNING * * *
You feel sick. The adder bites you.
* * * LOW HITPOINT WARNING * * *
The rat bites you.
* * * LOW HITPOINT WARNING * * *
You feel better. The adder closely misses you. The rat misses you.
The adder closely misses you.
You miss the adder. The adder barely misses you. The rat barely misses you.
You scratch the adder.
The adder is heavily wounded.
The adder closely misses you.
You barely miss the adder.
The adder is heavily wounded.
The rat closely misses you. The adder bites you.
You are poisoned.
The adder poisons you!
You barely miss the adder.
The adder is heavily wounded.
* * * LOW HITPOINT WARNING * * *
You feel sick. The adder bites you but does no damage. The rat bites you.
* * * LOW HITPOINT WARNING * * *
The adder bites you.
* * * LOW HITPOINT WARNING * * *
You miss the adder. Your bite misses the adder.
The adder is heavily wounded.
You die...

#####.########.## #...#
#....# #..#######....#
#######..###........#
....................#
...####.......####.##
...####...#....# #.#
.........#.#...###.####
...###..#._.#..#@S....#
...# #...#.#...r......#
#### ##...#...##......#
#.......##......#
#################


You could see an adder and a rat.

Vanquished Creatures
  2 dart slugs (D:1)
  3 ball pythons (D:1)
  4 endoplasms
  A giant cockroach (D:1)
  3 goblins (D:1)
  4 hobgoblins (D:1)
  5 jackals (D:1)
  6 kobolds (D:1)
  A quokka (D:1)
  2 bats (D:1)
  A rat (D:1)
32 creatures vanquished.

Notes
Turn   | Place    | Note
-------+----------+-------------------------------------------
     0 | D:1      | Descartes the Felid Wanderer began the quest for the Orb.
     0 | D:1      | Descartes set off with the following items: a scroll of
                  | fear, a potion of curing, a potion of lignification
     0 | D:1      | Reached XP level 1. HP: 13/13 MP: 2/2
   170 | D:1      | Reached skill level 1 in Dodging
   170 | D:1      | Reached XP level 2. HP: 9/16 MP: 3/3
   523 | D:1      | Found Jyxteimi's Antique Armour Shoppe.
   642 | D:1      | Found a faded altar of an unknown god.
   780 | D:1      | Reached XP level 3. HP: 5/20 MP: 4/4
  2006 | D:1      | HP: 1/20 [adder (3)]
  2007 | D:1      | Succumbed to an adder's poison

Illustrated notes

Levels and vault maps discovered:
D:1:      sevenhm_arrival_forest_fort_small_3, layout_rooms,
          chequers_ecumenical_altar_simple_redux, serial_shops, shop
D:2:      layout_rooms, serial_shops, nicolae_shop_behind_doors

Skill      XL: |  1  2  3 |
---------------+----------+-----
Stealth        | 3 |  3.5
Dodging        | 1 |  1.7
Evocations     | 2 |  2.1
Fighting       | |  6.0
Unarmed Combat | |  1.8

Action                   || total
-------------------------++-------
Melee: Unarmed           ||   123
       Bite              ||    11
  Use: Potion            ||     1
 Stab: Sleeping          ||     4
       Distracted        ||     1
Armor: Skin              ||     6
Dodge: Dodged            ||   136
